SAA
TACOMA FUR TRADERS @ OTTAWA NATIONALS
08/25/2042
 
TOP OF THE 1ST
Tacoma Fur Traders batting - Pitching for Ottawa Nationals : LHP Arthur Stevenson
Pitching: LHP Arthur Stevenson
Batting: RHB Terry Boyle 0-0: Called Strike
0-1: Foul Ball, location: 2F
0-2: Strikes out swinging
Batting: RHB Mo Westoby 0-0: Fly out, F8 (Line Drive, 8LD, EV 88.1 MPH)
Batting: LHB Sam Bickerton 0-0: Foul Ball, location: 2F
0-1: Swinging Strike
0-2: Strikes out looking
Top of the 1st over - 0 runs, 0 hits, 0 errors, 0 left on base; Tacoma 0 - Ottawa 0
BOTTOM OF THE 1ST
Ottawa Nationals batting - Pitching for Tacoma Fur Traders : LHP Pedro Montáñez
Pitching: LHP Pedro Montáñez
Batting: RHB Hulama Yani 0-0: Ball
1-0: Called Strike
1-1: Foul Ball, location: 2F
1-2: SINGLE (Groundball, 6MD, EV 95.6 MPH)
Batting: RHB Boyd Tholen 0-0: Ball
1-0: Foul Ball, location: 2F
1-1: Swinging Strike
1-2: Fielders Choice at 2nd, 6-4 (Groundball, 6, EV 101.9 MPH)
Batting: RHB Dave Curtis 0-0: Called Strike
0-1: Ball
1-1: Ball
Pickoff Throw by Catcher to First - Out!
2-1: Swinging Strike
2-2: Strikes out swinging
Bottom of the 1st over - 0 runs, 1 hit, 0 errors, 0 left on base; Tacoma 0 - Ottawa 0
TOP OF THE 2ND
Tacoma Fur Traders batting - Pitching for Ottawa Nationals : LHP Arthur Stevenson
Batting: RHB Axel Chicote 0-0: Ball
1-0: Ball
2-0: Ball
3-0: Base on Balls
Batting: RHB Félix Olvera 0-0: Called Strike
0-1: Ball
1-1: Swinging Strike
1-2: Strikes out looking
Axel Chicote steals 2nd base
Batter strikes out.
Batting: RHB Roberto Suárez 0-0: Ball
1-0: Called Strike
1-1: Ball
2-1: Ball
3-1: Base on Balls
Batting: LHB Hori Ikenaki 0-0: Called Strike
0-1: Called Strike
0-2: Foul Ball, location: 2F
0-2: Strikes out swinging
Batting: RHB Mack Bray 0-0: Called Strike
0-1: Swinging Strike
0-2: Foul Ball, location: 2F
0-2: Strikes out swinging
Top of the 2nd over - 0 runs, 0 hits, 0 errors, 2 left on base; Tacoma 0 - Ottawa 0
BOTTOM OF THE 2ND
Ottawa Nationals batting - Pitching for Tacoma Fur Traders : LHP Pedro Montáñez
Batting: LHB Juan Romero 0-0: Called Strike
0-1: Ball
1-1: Ball
2-1: Foul Ball, location: 2F
2-2: Fly out, F8 (Flyball, 8RM, EV 91.2 MPH)
Batting: RHB Nobuhiko Ohayashi 0-0: Called Strike
0-1: Ball
1-1: Swinging Strike
1-2: Ball
2-2: Foul Ball, location: 2F
2-2: Foul Ball, location: 2F
2-2: Foul Ball, location: 2F
2-2: Ball
3-2: Base on Balls
Batting: LHB Knox Loposer 0-0: Called Strike
Nobuhiko Ohayashi steals 2nd base
0-1: Foul Ball, location: 2F
0-2: Ball
1-2: Fly out, F7 (Flyball, 7S, EV 73.8 MPH)
Batting: RHB Joe Padilla 0-0: Foul Ball, location: 2F
0-1: Ball
1-1: Ball
2-1: Foul Ball, location: 2F
2-2: Ball
3-2: Foul Ball, location: 2F
3-2: Ground out 6-3 (Groundball, 6D, EV 88.1 MPH)
Bottom of the 2nd over - 0 runs, 0 hits, 0 errors, 1 left on base; Tacoma 0 - Ottawa 0
TOP OF THE 3RD
Tacoma Fur Traders batting - Pitching for Ottawa Nationals : LHP Arthur Stevenson
Batting: RHB Iván Coello 0-0: SINGLE (Line Drive, 6MD, EV 101.2 MPH)
Batting: RHB Terry Boyle 0-0: Grounds into double play, 4-6-3 (Groundball, 4, EV 107.5 MPH)
Batting: RHB Mo Westoby 0-0: Ball
1-0: Ball
2-0: Fly out, F8 (Line Drive, 8RM, EV 90.0 MPH)
Top of the 3rd over - 0 runs, 1 hit, 0 errors, 0 left on base; Tacoma 0 - Ottawa 0
BOTTOM OF THE 3RD
Ottawa Nationals batting - Pitching for Tacoma Fur Traders : LHP Pedro Montáñez
Batting: RHB José Cintrón 0-0: Called Strike
0-1: Ball
1-1: Foul Ball, location: 2F
1-2: Ground out 6-3 (Groundball, 6, EV 84.4 MPH)
Batting: LHB Ewold de Regt 0-0: SINGLE (Groundball, 56D, EV 103.1 MPH)
Batting: RHB Hulama Yani 0-0: Ball
Ewold de Regt steals 2nd base
1-0: Ball
2-0: Ball
3-0: Called Strike
3-1: Swinging Strike
3-2: Ground out U3 (Groundball, 3, EV 78.8 MPH)
Ewold de Regt to third
Batting: RHB Boyd Tholen 0-0: Ball
1-0: Swinging Strike
1-1: Called Strike
1-2: Ball
2-2: Foul Ball, location: 2F
2-2: Strikes out swinging
Bottom of the 3rd over - 0 runs, 1 hit, 0 errors, 1 left on base; Tacoma 0 - Ottawa 0
TOP OF THE 4TH
Tacoma Fur Traders batting - Pitching for Ottawa Nationals : LHP Arthur Stevenson
Batting: LHB Sam Bickerton 0-0: Called Strike
0-1: Foul Ball, location: 2F
0-2: Foul Ball, location: 2F
0-2: Ball
1-2: Ball
2-2: Ball
3-2: Foul Ball, location: 2F
3-2: Foul Ball, location: 2F
3-2: Foul Ball, location: 2F
3-2: Fly out, F7 (Flyball, 7S, EV 92.5 MPH)
Batting: RHB Axel Chicote 0-0: Ball
1-0: Foul Ball, location: 2F
1-1: Called Strike
1-2: Fly out, F9 (Flyball, 9LD, EV 97.5 MPH)
Batting: RHB Félix Olvera 0-0: Ground out 5-3 (Groundball, 5, EV 80.0 MPH)
Top of the 4th over - 0 runs, 0 hits, 0 errors, 0 left on base; Tacoma 0 - Ottawa 0
BOTTOM OF THE 4TH
Ottawa Nationals batting - Pitching for Tacoma Fur Traders : LHP Pedro Montáñez
Batting: RHB Dave Curtis 0-0: Foul Ball, location: 2F
0-1: Ball
1-1: Foul Ball, location: 2F
1-2: Ball
2-2: Fly out, F7 (Flyball, 78S, EV 76.2 MPH)
Batting: LHB Juan Romero 0-0: Ball
1-0: Foul Ball, location: 2F
1-1: Ball
2-1: Foul Ball, location: 2F
2-2: Ball
3-2: SINGLE (Line Drive, 78S, EV 85.6 MPH)
Batting: RHB Nobuhiko Ohayashi 0-0: Ball
1-0: Called Strike
1-1: Swinging Strike
1-2: Ball
2-2: Ball
3-2: Strikes out swinging
Batting: LHB Knox Loposer 0-0: Called Strike
0-1: Ball
1-1: Called Strike
1-2: Foul Ball, location: 2F
1-2: Ball
2-2: Ball
3-2: Base on Balls
Juan Romero to second
Batting: RHB Joe Padilla 0-0: Ball
1-0: Swinging Strike
1-1: Ball
2-1: Swinging Strike
2-2: Strikes out swinging
Bottom of the 4th over - 0 runs, 1 hit, 0 errors, 2 left on base; Tacoma 0 - Ottawa 0
TOP OF THE 5TH
Tacoma Fur Traders batting - Pitching for Ottawa Nationals : LHP Arthur Stevenson
Batting: RHB Roberto Suárez 0-0: SOLO HOME RUN (Flyball, 7LD, EV 98.8 MPH), Distance : 355 ft
Batting: LHB Hori Ikenaki 0-0: Called Strike
0-1: Ball
1-1: Foul Ball, location: 2F
1-2: Foul Ball, location: 2F
1-2: Ground out U3 (Groundball, 3L, EV 106.9 MPH)
Batting: RHB Mack Bray 0-0: Fly out, F7 (Flyball, 7S, EV 81.2 MPH)
Batting: RHB Iván Coello 0-0: Called Strike
0-1: Ball
1-1: Called Strike
1-2: Foul Ball, location: 2F
1-2: Foul Ball, location: 2F
1-2: SINGLE (Line Drive, 78S, EV 100.6 MPH)
Batting: RHB Terry Boyle 0-0: Foul Ball, location: 2F
0-1: Ground out 4-3 (Groundball, 4, EV 86.2 MPH)
Top of the 5th over - 1 run, 2 hits, 0 errors, 1 left on base; Tacoma 1 - Ottawa 0
BOTTOM OF THE 5TH
Ottawa Nationals batting - Pitching for Tacoma Fur Traders : LHP Pedro Montáñez
Batting: RHB José Cintrón 0-0: Ball
1-0: Foul Ball, location: 2F
1-1: Fly out, F8 (Flyball, 8RD, EV 103.1 MPH)
Batting: LHB Ewold de Regt 0-0: Swinging Strike
0-1: SINGLE (Groundball, 4, EV 100.0 MPH) (infield hit)
Batting: RHB Hulama Yani 0-0: Ball
1-0: Called Strike
1-1: Foul Ball, location: 2F
1-2: SINGLE (Line Drive, 9S, EV 108.1 MPH)
Ewold de Regt to second
Batting: RHB Boyd Tholen 0-0: Ball
1-0: Foul Ball, location: 2F
1-1: Called Strike
1-2: Ball
2-2: Grounds into double play, 6-4-3 (Groundball, 6, EV 87.5 MPH)
Bottom of the 5th over - 0 runs, 2 hits, 0 errors, 1 left on base; Tacoma 1 - Ottawa 0
TOP OF THE 6TH
Tacoma Fur Traders batting - Pitching for Ottawa Nationals : LHP Arthur Stevenson
Batting: RHB Mo Westoby 0-0: Ball
1-0: Called Strike
1-1: Foul Ball, location: 2F
1-2: Ball
2-2: Ball
3-2: Foul Ball, location: 2F
3-2: Strikes out swinging
Batting: LHB Sam Bickerton 0-0: SINGLE (Line Drive, 4D, EV 93.8 MPH)
Batting: RHB Axel Chicote 0-0: Ball
1-0: Foul Ball, location: 2F
1-1: Ball
2-1: Foul Ball, location: 2F
2-2: Foul Ball, location: 2F
2-2: Strikes out swinging
Batting: RHB Félix Olvera 0-0: Called Strike
0-1: Ball
1-1: Fly out, F7 (Line Drive, 7, EV 89.4 MPH)
Top of the 6th over - 0 runs, 1 hit, 0 errors, 1 left on base; Tacoma 1 - Ottawa 0
BOTTOM OF THE 6TH
Ottawa Nationals batting - Pitching for Tacoma Fur Traders : LHP Pedro Montáñez
Pitching: RHP Kenny Caird
Batting: RHB Dave Curtis 0-0: Swinging Strike
0-1: Ball
1-1: Swinging Strike
1-2: Strikes out swinging
Batting: LHB Juan Romero 0-0: Called Strike
0-1: Ball
1-1: Ball
2-1: Ball
3-1: Foul Ball, location: 2F
3-2: Fly out, F9 (Line Drive, 9, EV 111.9 MPH)
Batting: RHB Nobuhiko Ohayashi 0-0: Ball
1-0: Foul Ball, location: 2F
1-1: Foul Ball, location: 2F
1-2: Ball
2-2: Ball
3-2: Foul Ball, location: 2F
3-2: Ground out 6-3 (Groundball, 56, EV 78.8 MPH)
Bottom of the 6th over - 0 runs, 0 hits, 0 errors, 0 left on base; Tacoma 1 - Ottawa 0
TOP OF THE 7TH
Tacoma Fur Traders batting - Pitching for Ottawa Nationals : LHP Arthur Stevenson
Batting: RHB Roberto Suárez 0-0: Called Strike
0-1: Ball
1-1: Swinging Strike
1-2: Ball
2-2: Foul Ball, location: 2F
2-2: Foul Ball, location: 2F
2-2: Ball
3-2: Foul Ball, location: 2F
3-2: Foul Ball, location: 2F
3-2: Base on Balls
Batting: LHB Hori Ikenaki 0-0: Sac Bunt to 25 - play at second, runner OUT! 5-6
Batting: RHB Mack Bray 0-0: Hit by Pitch
Hori Ikenaki to second
Batting: RHB Iván Coello 0-0: SINGLE (Groundball, 56, EV 108.1 MPH) (infield hit)
Hori Ikenaki to third
Mack Bray to second
Batting: RHB Terry Boyle 0-0: Ball
1-0: Swinging Strike
1-1: Swinging Strike
1-2: Foul Ball, location: 2F
1-2: Grounds into fielders choice 3-2 (Groundball, 3L, EV 81.2 MPH)
Mack Bray to third
Iván Coello to second
Batting: RHB Mo Westoby 0-0: Ball
1-0: Called Strike
1-1: Fielders Choice at 2nd, 5-4 (Groundball, 56, EV 106.9 MPH)
Top of the 7th over - 0 runs, 1 hit, 0 errors, 3 left on base; Tacoma 1 - Ottawa 0
BOTTOM OF THE 7TH
Ottawa Nationals batting - Pitching for Tacoma Fur Traders : RHP Kenny Caird
Batting: LHB Knox Loposer 0-0: Ball
1-0: Called Strike
1-1: Swinging Strike
1-2: Ball
2-2: Fly out, F7 (Flyball, 7, EV 90.6 MPH)
Batting: RHB Joe Padilla 0-0: Called Strike
0-1: Ball
1-1: Ball
2-1: Ground out 1-3 (Groundball, 13S, EV 61.9 MPH)
Batting: RHB José Cintrón 0-0: Ground out 4-3 (Groundball, 4MS, EV 63.8 MPH)
Bottom of the 7th over - 0 runs, 0 hits, 0 errors, 0 left on base; Tacoma 1 - Ottawa 0
TOP OF THE 8TH
Tacoma Fur Traders batting - Pitching for Ottawa Nationals : LHP Arthur Stevenson
Batting: LHB Sam Bickerton 0-0: Swinging Strike
0-1: Swinging Strike
0-2: Ball
1-2: Strikes out swinging
Batting: RHB Axel Chicote 0-0: Called Strike
0-1: Ball
1-1: Foul Ball, location: 2F
1-2: Strikes out swinging
Batting: RHB Félix Olvera 0-0: Fly out, F7 (Flyball, 7LS, EV 91.2 MPH)
Top of the 8th over - 0 runs, 0 hits, 0 errors, 0 left on base; Tacoma 1 - Ottawa 0
BOTTOM OF THE 8TH
Ottawa Nationals batting - Pitching for Tacoma Fur Traders : RHP Kenny Caird
Batting: LHB Ewold de Regt 0-0: Called Strike
0-1: Ball
1-1: Foul Ball, location: 2F
1-2: Ball
2-2: Ball
3-2: Base on Balls
Pitching: RHP Randy Keith
Batting: RHB Hulama Yani 0-0: Ball
1-0: Ball
2-0: DOUBLE (Line Drive, 89XD, EV 98.1 MPH)
Ewold de Regt to third
Batting: RHB Boyd Tholen 0-0: Foul Ball, location: 2F
0-1: Ball
1-1: Fly out, F9 (Flyball, 89M, EV 94.4 MPH)
Batting: RHB Dave Curtis 0-0: Ball
1-0: Ball
2-0: Called Strike
2-1: Ground out 6-3 (Groundball, 56, EV 77.5 MPH)
Ewold de Regt scores
Batting: LHB Juan Romero 0-0: Ball
1-0: Ground out 6-3 (Groundball, 56, EV 85.6 MPH)
Bottom of the 8th over - 1 run, 1 hit, 0 errors, 1 left on base; Tacoma 1 - Ottawa 1
TOP OF THE 9TH
Tacoma Fur Traders batting - Pitching for Ottawa Nationals : LHP Arthur Stevenson
Batting: RHB Roberto Suárez 0-0: Ball
1-0: Ball
2-0: Foul Ball, location: 2F
2-1: Ball
3-1: Ground out 1-3 (Groundball, 34S, EV 88.8 MPH)
Batting: LHB Hori Ikenaki 0-0: Foul Ball, location: 2F
0-1: Ball
1-1: Ball
2-1: SINGLE (Groundball, 56, EV 100.6 MPH) (infield hit)
Pitching: RHP Stu Searle
Batting: RHB Mack Bray 0-0: Grounds into double play, 4-6-3 (Groundball, 4M, EV 85.6 MPH)
Top of the 9th over - 0 runs, 1 hit, 0 errors, 0 left on base; Tacoma 1 - Ottawa 1
BOTTOM OF THE 9TH
Ottawa Nationals batting - Pitching for Tacoma Fur Traders : RHP Randy Keith
Pitching: RHP Ricky Mina
Batting: RHB Nobuhiko Ohayashi 0-0: Ball
1-0: Ball
2-0: Foul Ball, location: 2F
2-1: Foul Ball, location: 2F
2-2: Fly out, F9 (Line Drive, 9, EV 91.9 MPH)
Batting: LHB Knox Loposer 0-0: Ball
1-0: SINGLE (Groundball, 4MD, EV 106.9 MPH)
Batting: RHB Joe Padilla 0-0: Called Strike
0-1: Ball
1-1: Called Strike
1-2: Foul Ball, location: 2F
1-2: Foul Ball, location: 2F
1-2: Fly out, F9 (Flyball, 89D, EV 100.0 MPH)
Batting: RHB José Cintrón 0-0: Called Strike
0-1: Ball
Knox Loposer steals 2nd base
1-1: Ball
2-1: Foul Ball, location: 2F
2-2: Ball
3-2: Ground out 5-3 (Groundball, 5L, EV 81.9 MPH)
Bottom of the 9th over - 0 runs, 1 hit, 0 errors, 1 left on base; Tacoma 1 - Ottawa 1
TOP OF THE 10TH
Tacoma Fur Traders batting - Pitching for Ottawa Nationals : RHP Stu Searle
Pinch Hitting: LHB Ezequiel Viana 0-0: Ball
1-0: Fly out, F7 (Flyball, 78D, EV 110.0 MPH)
Batting: RHB Terry Boyle 0-0: Ball
1-0: Fly out, F8 (Flyball, 8RM, EV 78.1 MPH)
Batting: RHB Mo Westoby 0-0: Ball
1-0: Ball
2-0: Ball
3-0: Called Strike
3-1: Called Strike
3-2: Strikes out swinging
Top of the 10th over - 0 runs, 0 hits, 0 errors, 0 left on base; Tacoma 1 - Ottawa 1
BOTTOM OF THE 10TH
Ottawa Nationals batting - Pitching for Tacoma Fur Traders : RHP Ricky Mina
Now at 2B: Ramón García
Batting: LHB Ewold de Regt 0-0: Ball
1-0: SINGLE (Groundball, 4D, EV 99.4 MPH)
Batting: RHB Hulama Yani 0-0: Called Strike
0-1: Ground out 4-3 (Groundball, 34, EV 107.5 MPH)
Ewold de Regt to second
Batting: RHB Boyd Tholen 0-0: Ball
1-0: Ball
2-0: Ball
3-0: Called Strike
3-1: Swinging Strike
3-2: Foul Ball, location: 2F
3-2: Strikes out swinging
Batting: RHB Dave Curtis 0-0: Ball
1-0: SINGLE (Line Drive, 9LS, EV 99.4 MPH)
Ewold de Regt to third
Batting: LHB Juan Romero 0-0: Ball
1-0: Ball
2-0: Foul Ball, location: 2F
2-1: Called Strike
2-2: Strikes out swinging
Bottom of the 10th over - 0 runs, 2 hits, 0 errors, 2 left on base; Tacoma 1 - Ottawa 1
TOP OF THE 11TH
Tacoma Fur Traders batting - Pitching for Ottawa Nationals : RHP Stu Searle
Batting: LHB Sam Bickerton 0-0: Foul Ball, location: 2F
0-1: SINGLE (Groundball, 4D, EV 103.1 MPH)
Batting: RHB Axel Chicote 0-0: Ball
1-0: Called Strike
1-1: Ball
2-1: Ball
3-1: Foul Ball, location: 2F
3-2: Strikes out looking
Pitching: RHP Tony Rodríguez
Batting: RHB Félix Olvera 0-0: Ball
1-0: Ball
2-0: Called Strike
2-1: Foul Ball, location: 2F
2-2: Strikes out swinging
Sam Bickerton steals 2nd base
Batter strikes out.
Batting: RHB Roberto Suárez 0-0: Called Strike
0-1: Swinging Strike
0-2: Ball
1-2: Strikes out looking
Top of the 11th over - 0 runs, 1 hit, 0 errors, 1 left on base; Tacoma 1 - Ottawa 1
BOTTOM OF THE 11TH
Ottawa Nationals batting - Pitching for Tacoma Fur Traders : RHP Ricky Mina
Pitching: RHP Theodosio Brederode
Batting: RHB Nobuhiko Ohayashi 0-0: Swinging Strike
0-1: Called Strike
0-2: Ball
1-2: Ball
2-2: Foul Ball, location: 2F
2-2: Foul Ball, location: 2F
2-2: Ball
3-2: Strikes out swinging
Batting: LHB Knox Loposer 0-0: Called Strike
0-1: Foul Ball, location: 2F
0-2: Strikes out looking
Batting: RHB Joe Padilla 0-0: Fly out, F8 (Flyball, 78M, EV 87.5 MPH)
Bottom of the 11th over - 0 runs, 0 hits, 0 errors, 0 left on base; Tacoma 1 - Ottawa 1
TOP OF THE 12TH
Tacoma Fur Traders batting - Pitching for Ottawa Nationals : RHP Tony Rodríguez
Batting: LHB Hori Ikenaki 0-0: Called Strike
0-1: Ground out 1-3 (Groundball, 15S, EV 70.6 MPH)
Batting: RHB Mack Bray 0-0: Called Strike
0-1: Called Strike
0-2: Ball
1-2: Strikes out swinging
Batting: RHB Ramón García 0-0: Ball
1-0: Called Strike
1-1: Ball
2-1: Ball
3-1: Ground out 3-1 (Groundball, 34, EV 106.2 MPH)
Top of the 12th over - 0 runs, 0 hits, 0 errors, 0 left on base; Tacoma 1 - Ottawa 1
BOTTOM OF THE 12TH
Ottawa Nationals batting - Pitching for Tacoma Fur Traders : RHP Theodosio Brederode
Pinch Hitting: LHB Jonathan Campbell 0-0: Called Strike
0-1: SINGLE (Groundball, 6D, EV 108.8 MPH)
Batting: LHB Ewold de Regt 0-0: Sac Bunt to 15S - play at second, runner OUT! 1-6
Batting: RHB Hulama Yani 0-0: Ball
1-0: Ball
2-0: Foul Ball, location: 2F
2-1: Ball
3-1: Base on Balls
Ewold de Regt to second
Batting: RHB Boyd Tholen 0-0: Called Strike
0-1: Ball
1-1: Swinging Strike
1-2: Ball
2-2: Ball
3-2: Strikes out swinging
Batting: RHB Dave Curtis 0-0: Foul Ball, location: 2F
0-1: Swinging Strike
0-2: Strikes out swinging
Bottom of the 12th over - 0 runs, 1 hit, 0 errors, 2 left on base; Tacoma 1 - Ottawa 1
TOP OF THE 13TH
Tacoma Fur Traders batting - Pitching for Ottawa Nationals : RHP Tony Rodríguez
Now at SS: Manuel Barrera
Batting: RHB Terry Boyle 0-0: Called Strike
0-1: Called Strike
0-2: Strikes out looking
Batting: RHB Mo Westoby 0-0: Ground out 6-3 (Groundball, 6M, EV 106.9 MPH)
Batting: LHB Sam Bickerton 0-0: DOUBLE (Line Drive, 89D, EV 110.6 MPH)
Batting: RHB Axel Chicote 0-0: Ball
1-0: Swinging Strike
1-1: Ball
2-1: Called Strike
2-2: Ground out 6-3 (Groundball, 6, EV 83.8 MPH)
Top of the 13th over - 0 runs, 1 hit, 0 errors, 1 left on base; Tacoma 1 - Ottawa 1
BOTTOM OF THE 13TH
Ottawa Nationals batting - Pitching for Tacoma Fur Traders : RHP Theodosio Brederode
Batting: LHB Juan Romero 0-0: Swinging Strike
0-1: Ball
1-1: Ball
2-1: Swinging Strike
2-2: Ball
3-2: Foul Ball, location: 2F
3-2: Strikes out swinging
Batting: RHB Nobuhiko Ohayashi 0-0: Called Strike
0-1: Swinging Strike
0-2: Strikes out looking
Batting: LHB Knox Loposer 0-0: Ball
1-0: Foul Ball, location: 2F
1-1: Called Strike
1-2: Ball
2-2: Ball
3-2: Base on Balls
Batting: RHB Joe Padilla 0-0: Ball
1-0: Ground out 4-3 (Groundball, 4S, EV 83.1 MPH)
Bottom of the 13th over - 0 runs, 0 hits, 0 errors, 1 left on base; Tacoma 1 - Ottawa 1
TOP OF THE 14TH
Tacoma Fur Traders batting - Pitching for Ottawa Nationals : RHP Tony Rodríguez
Pitching: RHP Travis Conklin
Batting: RHB Félix Olvera 0-0: Ball
1-0: Foul Ball, location: 2F
1-1: Ball
2-1: Called Strike
2-2: Fly out, F9 (Flyball, 9D, EV 95.0 MPH)
Batting: RHB Roberto Suárez 0-0: Ground out U3 (Groundball, 34, EV 112.5 MPH)
Batting: LHB Hori Ikenaki 0-0: SINGLE (Groundball, 34D, EV 101.9 MPH)
Batting: RHB Mack Bray 0-0: Fly out, F7 (Flyball, 7, EV 78.8 MPH)
Top of the 14th over - 0 runs, 1 hit, 0 errors, 1 left on base; Tacoma 1 - Ottawa 1
BOTTOM OF THE 14TH
Ottawa Nationals batting - Pitching for Tacoma Fur Traders : RHP Theodosio Brederode
Batting: RHB Manuel Barrera 0-0: Ball
1-0: Ball
2-0: Ground out 6-3 (Groundball, 6, EV 105.0 MPH)
Batting: LHB Ewold de Regt 0-0: Called Strike
0-1: Ball
1-1: Fly out, F6 (Popup, 6M, EV 53.8 MPH)
Batting: RHB Hulama Yani 0-0: Ball
1-0: SINGLE (Line Drive, 4D, EV 95.6 MPH)
Pitching: RHP Hang-fu Xiong
Batting: RHB Boyd Tholen 0-0: Ball
1-0: Ball
2-0: Called Strike
2-1: Foul Ball, location: 2F
2-2: Ball
3-2: DOUBLE (Flyball, 8LXD, EV 96.2 MPH)
Hulama Yani to third
Hulama Yani scores
Friday, March 26th, 2021 - OOTP Baseball 20.8 Build 74